 Dungeon Crawl Stone Soup version 0.29.1-1-gd02db6906a (webtiles) character file.

Game seed: 6812023237415267549

27 fireball365 the Digger (level 2, -2/20 HPs)
             Began as a Demigod Earth Elementalist on Oct 6, 2022.
             Slain by Sigmund
             ... wielding a +0 scythe
              (4 damage)
             ... on level 1 of the Dungeon on Oct 7, 2022.
             The game lasted 00:10:27 (1329 turns).

fireball365 the Digger (Demigod Earth Elementalist) Turns: 1329, Time: 00:10:28

Health: -2/20      AC:  6    Str:  9    XL:     2   Next: 72%
Magic:  7/7        EV:  8    Int: 17    God:
Gold:   73         SH:  0    Dex: 14    Spells: 4/5 levels left

rFire   . . .      SeeInvis .   e - +2 rapier (freeze)
rCold   . . .      Faith    .   (no shield)
rNeg    . . .      Spirit   .   i - +0 scale mail
rPois   .          Reflect  .   (no helmet)
rElec   .          Harm     .   (no cloak)
rCorr   .          Rampage  .   (no gloves)
Will    .....                   (no boots)
Stlth   +.........              (no amulet)
HPRegen 0.06/turn               (no ring)
MPRegen 0.10/turn               (no ring)

@: no status effects
A: high MP 1, forlorn, divine attributes
a: no special abilities


You were on level 1 of the Dungeon.
You visited 1 branch of the dungeon, and saw 2 of its levels.

You collected 73 gold pieces.

Inventory:

Hand Weapons
 e - a +2 rapier of freezing (weapon)
 h - a +0 whip
Missiles
 d - 13 stones
Armour
 a - a +0 robe
 i - a +0 scale mail (worn)
Potions
 b - a potion of magic
 c - 2 potions of curing {unknown}
 f - a potion of invisibility {unknown}
 g - a potion of heal wounds
 j - a potion of brilliance {unknown}


   Skills:
 + Level 0.2 Armour
 + Level 1.8 Dodging
 + Level 1.9 Stealth
 + Level 2.3 Spellcasting
 + Level 0.8 Transmutations
 + Level 3.1 Earth Magic


You had 4 spell levels left.
You knew the following spells:

 Your Spells              Type           Power      Damage    Failure   Level
a - Sandblast             Erth           24%        2d8       41%         1

Your spell library contained the following spells:

 Spells                   Type           Power      Damage    Failure   Level
 Passwall                 Tmut/Erth      6%         N/A       71%         2
 Necrotise                Necr           8%         1d4       83%         1
 Stone Arrow              Conj/Erth      14%        3d7       94%         3
 Vampiric Draining        Necr           2%         2d6       99%         3
 Petrify                  Tmut/Erth      8%         N/A       100%        4
 Agony                    Necr           2%         N/A       100%        5


Dungeon Overview and Level Annotations

Branches:
Dungeon (2/15)

Annotations:
D:1 Sigmund


Innate Abilities, Weirdness & Mutations

You have an increased reservoir of magic. (+10% MP)
You shall have no god before yourself.
Your divine heritage dramatically boosts your attributes as you level up.


Message History

You climb upwards.
There is a stone staircase leading down here.
You barely miss Sigmund. Sigmund gestures at you while chanting.
The puff of flame hits you.
* * * LOW HITPOINT WARNING * * *
It was a potion of heal wounds.
You feel much better. Sigmund barely misses you.
You barely miss Sigmund. You closely miss Sigmund. Sigmund closely misses you.
Your magical contamination has completely faded away.
You hit Sigmund. You freeze Sigmund.
Sigmund is lightly wounded.
Sigmund hits you with a +0 scythe!
You hit Sigmund. You freeze Sigmund.
Sigmund is moderately wounded.
Sigmund closely misses you.
You closely miss Sigmund.
Sigmund is moderately wounded.
Sigmund gestures wildly while chanting.
Sigmund flickers and vanishes!
Deactivating autopickup; reactivate with Ctrl-A.
You barely miss something. Something hits you but does no damage.
You climb downwards.
Reactivating autopickup.
The kobold throws a stone.
The stone hits you but does no damage.
There is a stone staircase leading up here.
Something hits you but does no damage.
Deactivating autopickup; reactivate with Ctrl-A.
The kobold throws a stone.
You climb upwards.
Level annotation: Sigmund Reactivating autopickup.
There is a stone staircase leading down here.
Something hits you.
Deactivating autopickup; reactivate with Ctrl-A.
Something hits you.
* * * LOW HITPOINT WARNING * * *
You barely miss something. Something hits you.
You die...

#.##..#
♣♣≈≈≈≈~.~~~~♣#♣
..###.#♣#≈≈~~~~.~...♣
### ###♣≈≈≈~........♣
♣≈≈♣.........♣
#≈≈≈♣.........♣ #≈≈
♣.........♣ #≈♣
♣.........♣ ##
♣.........♣ ######
♣<....@..># .....#
♣♣♣♣♣♣♣#♣#♣ .....#
############# .....#
#...........#
.....#####.###########
#..........#
####.####### . ...#
######


There were no monsters in sight!

Vanquished Creatures
  An endoplasm (D:1)
  A giant cockroach (D:1)
  4 hobgoblins (D:1)
  A quokka (D:1)
  3 ball pythons (D:1)
  3 bats (D:1)
  8 frilled lizards (D:1)
  3 goblins (D:1)
  2 rats (D:1)
26 creatures vanquished.

Vanquished Creatures (others)
  8 plants (D:1)
8 creatures vanquished.

Grand Total: 34 creatures vanquished

Notes
Turn   | Place    | Note
-------+----------+-------------------------------------------
     0 | D:1      | fireball365 the Demigod Earth Elementalist began the quest
                  | for the Orb.
     0 | D:1      | Reached XP level 1. HP: 14/14 MP: 5/5
   184 | D:1      | Reached skill level 3 in Earth Magic
   377 | D:1      | Reached XP level 2. HP: 19/20 MP: 1/7
  1307 | D:2      | Noticed Sigmund
  1329 | D:1      | Slain by Sigmund

Illustrated notes

Levels and vault maps discovered:
D:1:      lemuel_arrival_river_bridge, layout_loops_corners, minmay_lizard_king
D:2:      layout_basic, shapermc_ecumenical_altar_starsandcircs, uniq_sigmund

Skill      XL: |  1 |
---------------+----+-----
Spellcasting   | 2 |  2.3
Earth Magic    | 3 |  3.1
Armour         | |  0.2
Dodging        | |  1.8
Stealth        | |  1.9
Transmutations | |  0.8

Action                   || total
-------------------------++-------
Melee: Unarmed           ||     2
       Rapier            ||    22
 Cast: Sandblast         ||    36
  Use: Potion            ||     1
Armor: Robe              ||     8
       Scale mail        ||    18
Dodge: Dodged            ||    40
